 Dungeon Crawl Stone Soup version 0.26-a0-612-gd4d190f45e (webtiles) character file.

Game seed: 5851621068489838708

88 DogServant the Vexing (level 4, 0/26 HPs)
             Began as a Kobold Arcane Marksman on Sept 10, 2020.
             Was an Initiate of Fedhas.
             Slain by a gnoll
             ... wielding a +0 flail
              (6 damage)
             ... on level 4 of the Dungeon.
             The game lasted 00:08:08 (2386 turns).

DogServant the Vexing (Kobold Arcane Marksman)      Turns: 2386, Time: 00:08:10

Health: 0/26       AC:  2    Str:  8    XL:     4   Next: 82%
Magic:  5/6        EV: 16    Int: 14    God:    Fedhas [......]
Gold:   105        SH:  0    Dex: 15    Spells: 3/6 levels left

rFire    . . .     SeeInvis .   a - +0 hand crossbow
rCold    . . .     Faith    .   (shield restricted)
rNeg     . . .     Spirit   .   e - +0 robe
rPois    .         Reflect  .   (no helmet)
rElec    .         Harm     .   (no cloak)
rCorr    .                      (no gloves)
MR       .....                  (no boots)
Stlth    ++........             (no amulet)
HPRegen  0.08/turn              (no ring)
MPRegen  0.10/turn              (no ring)

@: no status effects
A: small, nightstalker 3
a: Renounce Religion


You were on level 4 of the Dungeon.
You worshipped Fedhas.
Fedhas was noncommittal.
You visited 2 branches of the dungeon, and saw 4 of its levels.

You collected 105 gold pieces.

Inventory:

Hand Weapons
 a - a +0 hand crossbow (weapon)
Missiles
 d - 27 bolts (quivered)
 h - 20 arrows
Armour
 e - a +0 robe (worn)
Scrolls
 b - 2 scrolls of remove curse
 f - a scroll of teleportation
 i - a scroll of amnesia {unknown}
 j - a scroll of identify {unknown}
Potions
 c - a potion of flight {unknown}
 g - 2 potions of curing {unknown}


   Skills:
 + Level 2.0 Fighting
 * Level 3.7 Crossbows
 - Level 3.0 Dodging
 - Level 0.2 Stealth
 + Level 1.6 Spellcasting
 + Level 3.7 Hexes


You had 3 spell levels left.
You knew the following spells:

 Your Spells              Type           Power        Failure   Level
a - Corona                Hex            ##.....      5%          1
b - Slow                  Hex            ##......     9%          2

Your spell library contained the following spells:

 Spells                   Type           Power        Failure   Level
 Inner Flame              Hex/Fire       #.......     34%         3
 Portal Projectile        Hex/Tloc       #.....       34%         3
 Cause Fear               Hex            ##........   47%         4
 Leda's Liquefaction      Hex/Erth       #.........   75%         4


Dungeon Overview and Level Annotations

Branches:
Dungeon (4/15)             Temple (1/1) D:4

Altars:
Cheibriados
Elyvilon
Fedhas
Gozag
Hepliaklqana
Kikubaaqudgha
Makhleb
Nemelex Xobeh
Sif Muna
Trog
Uskayaw
Vehumet
Wu Jian
Xom
Zin
The Shining One


Innate Abilities, Weirdness & Mutations

You are small and have problems with some larger weapons.
You are completely attuned to the shadows.


Message History

Okay, then.
Firing (i - inventory)
d - 30 bolts (quivered)
Press: ? - help, Shift-Dir - straight line, f/p - gnoll
Aim: a gnoll, wielding a +0 flail You shoot a bolt.
The bolt barely misses the gnoll.
The gnoll closely misses you.
Firing (i - inventory)
d - 29 bolts (quivered)
Press: ? - help, Shift-Dir - straight line, f/p - gnoll
Aim: a gnoll, wielding a +0 flail You shoot a bolt.
The bolt hits the gnoll but does no damage.
The gnoll barely misses you.
Firing (i - inventory)
d - 28 bolts (quivered)
Press: ? - help, Shift-Dir - straight line, f/p - gnoll
Aim: a gnoll, wielding a +0 flail You shoot a bolt.
The bolt hits the gnoll.
The gnoll is moderately wounded.
The gnoll hits you with a +0 flail.
You die...
Fedhas appreciates your contribution to the ecosystem.

#+##.#...........................
.. ..###########################.
.. ..#.....((.(( #. ..
#.#.########. #. #+ #.#.#....(.#
#. #.#........# #. #........#.#
#) ######g###.# #. ....@.###.# #†
.........[# #) ......##### #.
.....†############ #.
.#####.≈≈≈≈≈≈)≈≈.###.
.....≈≈≈≈.≈≈≈≈.....
####.≈≈≈≈≈≈≈≈≈.#### #############


You could see a gnoll.

Vanquished Creatures
  A centaur skeleton (D:4)
  2 gnolls (D:4)
  3 leopard geckos
  4 orcs (D:4)
  5 giant cockroaches
  5 hobgoblins
  3 jackals (D:4)
  A ball python (D:4)
  5 bats (D:1)
  A rat (D:1)
30 creatures vanquished.

Notes
Turn   | Place    | Note
-------+----------+-------------------------------------------
     0 | D:1      | DogServant the Kobold Arcane Marksman began the quest for
                  | the Orb.
     0 | D:1      | Reached XP level 1. HP: 12/12 MP: 2/2
   552 | D:1      | Reached XP level 2. HP: 7/16 MP: 1/3
  1606 | D:2      | Reached XP level 3. HP: 20/20 MP: 4/4
  1618 | D:2      | You fall into a shaft and drop 2 floors!
  1618 | D:4      | Found an opulent altar of Gozag.
  1666 | D:4      | Found a staircase to the Ecumenical Temple.
  1672 | Temple   | Entered the Ecumenical Temple
  1795 | Temple   | Became a worshipper of Fedhas Madash
  1926 | D:4      | Reached XP level 4. HP: 16/26 MP: 4/6
  2278 | D:4      | Learned a level 2 spell: Slow
  2386 | D:4      | Slain by a gnoll

Illustrated notes

Levels and vault maps discovered:
D:1:      roderic_chinese_lattice_arrival, layout_loops_corners,
          supply_closet_lemuel, st_stairs_1, minmay_crystal_room,
          minmay_misc_feat_rows
D:2:      layout_basic
D:4:      layout_basic, nicolae_gozag_seed_capital, grunt_temple_overflow_open,
          minmay_temple_entry_ruins, portal_sewer_entry_f, serial_shops, shop,
          hex_intersection
Temple:   dpeg_five_rooms_temple

Skill      XL: |  1  2  3  4 |
---------------+-------------+-----
Crossbows      | 3 |  3.7
Dodging        | 3 |  3.0
Fighting       | 2 |  2.0
Stealth        | |  0.2
Spellcasting   | |  1.6
Hexes          | |  3.7

Action                   |  1- 3 |  4- 6 || total
-------------------------+-------+-------++-------
 Fire: Hand crossbow     |    41 |    31 ||    72
 Cast: Corona            |    13 |    15 ||    28
  Use: Scroll            |     2 |       ||     2
       Potion            |       |     1 ||     1
Armor: Robe              |     9 |     3 ||    12
       Skin              |       |     7 ||     7
Dodge: Dodged            |    42 |    24 ||    66

Table legend: (Time is in decaauts)
 A = Elapsed time spent in this place.
 B = Non-inter-level travel time spent in this place.
 C = Inter-level travel time spent in this place.
 D = Time resting spent in this place.
 E = Time spent auto-exploring this place.
 F = Levels seen in this place.
 G = Mean time per level.
                   A        B        C        D        E       F      G
               +--------+--------+--------+--------+--------+-----+--------+
         Total |   2416 |   2277 |    139 |    359 |   1625 |   4 |  604.0 |
       Dungeon |   2167 |   2116 |     51 |    359 |   1479 |   3 |  722.3 |
        Temple |    248 |    160 |     88 |      0 |    146 |   1 |  248.0 |
               +--------+--------+--------+--------+--------+-----+--------+

Top non-repeatable levels by time:
     D:1: 1617 daAuts
     D:4: 537 daAuts
  Temple: 248 daAuts
     D:2: 13 daAuts
